 Dungeon Crawl Stone Soup version 0.26-a0-958-gf3041fb45f (webtiles) character file.

Game seed: 7762012221388217236

4663 robertstho the Covert (level 10, -6/88 HPs)
             Began as a Naga Venom Mage on Nov 30, 2020.
             Was a Believer of Sif Muna.
             Mangled by a wight
             ... wielding a cursed +2 morningstar of freezing
              (20 damage)
             ... on level 8 of the Dungeon.
             The game lasted 00:32:00 (12769 turns).

robertstho the Covert (Naga Venom Mage)            Turns: 12769, Time: 00:32:01

Health: -6/88      AC:  4    Str: 10    XL:     10   Next: 43%
Magic:  16/19      EV: 11    Int: 19    God:    Sif Muna [**....]
Gold:   452        SH:  0    Dex: 12    Spells: 6/21 levels left

rFire    + . .     SeeInvis +   y - +4 spear
rCold    + . .     Faith    .   (no shield)
rNeg     . . .     Spirit   .   a - +0 robe
rPois    +         Reflect  .   (no helmet)
rElec    .         Harm     .   r - scarf {rC+ rF+}
rCorr    .         Rampage  .   (no gloves)
MR       +....                  (no barding)
Stlth    ++++......             h - amulet of magic regeneration
HPRegen  0.24/turn              (no ring)
MPRegen  0.41/turn              (no ring)

@: lightly drained, very slow
A: large, see invisible, deformed body, poison resistance, slowness 2, spit
poison 1, AC +3
a: Spit Poison, Channel Magic, Renounce Religion


You were on level 8 of the Dungeon.
You worshipped Sif Muna.
Sif Muna was pleased with you.
You visited 1 branch of the dungeon, and saw 8 of its levels.

You collected 452 gold pieces.

Inventory:

Hand Weapons
 d - a +0 dagger
 n - a +4 quarterstaff of chaos
 q - a +2 flail of protection
 s - a +2 hunting sling of freezing
 y - a +4 spear (weapon)
 D - a +0 dagger of venom
Missiles
 t - 34 sling bullets
 u - 238 stones
Armour
 a - a +0 robe (worn)
 m - a +1 cloak
 r - a scarf of resistance (worn)
Jewellery
 h - an amulet of magic regeneration (around neck)
 v - an uncursed amulet of regeneration
 B - the ring "Tyosemp" {rN+ MR+ AC+4 Int+2 Stlth+, unknown}
   (You found it on level 7 of the Dungeon)

   [ring of protection]

   It affects your AC (+4).
   It affects your intelligence (+2).
   It protects you from negative energy.
   It affects your resistance to hostile enchantments.
   It makes you more stealthy.
Wands
 k - a wand of random effects (21)
 o - a wand of polymorph (9)
 p - a wand of iceblast (12)
 H - a wand of flame (26)
Scrolls
 b - 7 scrolls of remove curse
 c - 2 scrolls of immolation
 e - 4 scrolls of teleportation {unknown}
 f - a scroll of fear
 g - 3 scrolls of random uselessness
 i - 2 scrolls of enchant armour
 j - a scroll of identify
 l - 3 scrolls of magic mapping
 w - a scroll of enchant weapon {unknown}
Potions
 x - 2 potions of magic {unknown}
 z - 2 potions of flight
 A - 2 potions of heal wounds
 C - a potion of lignification {unknown}
 E - a potion of might
 F - a potion of haste {unknown}
 G - 2 potions of curing


   Skills:
 * Level 5.2(5.1) Fighting
 + Level 0.9(0.8) Short Blades
 + Level 1.5(2.0) Polearms
 + Level 2.4(2.5) Staves
 + Level 3.3(3.2) Slings
 + Level 3.0(2.9) Dodging
 * Level 10.6(10.4) Stealth
 * Level 6.4(6.3) Spellcasting
 + Level 1.8(1.7) Conjurations
 + Level 2.5(2.3) Transmutations
 + Level 1.3(1.1) Fire Magic
 + Level 2.1(2.0) Air Magic
 + Level 7.1(6.9) Poison Magic
 * Level 5.3(5.1) Invocations
 + Level 0.2(0.0) Evocations


You had 6 spell levels left.
You knew the following spells:

 Your Spells              Type           Power        Failure   Level
a - Sting                 Tmut/Pois      ###.         1%          1
b - Poisonous Vapours     Pois/Air       ###...       2%          2
c - Ignite Poison         Fire/Tmut/Pois ###.....     8%          3
d - Mephitic Cloud        Conj/Pois/Air  ###.....     8%          3
e - Olgreb's Toxic Radia  Pois           ####....     6%          4
f - Blink                 Tloc           N/A          17%         2

Your spell library contained the following spells:

 Spells                   Type           Power        Failure   Level
 Magic Dart               Conj           ##..         5%          1
 Call Imp                 Summ           #.......     17%         2
 Slow                     Hex            #.......     17%         2
 Conjure Flame            Conj/Fire      ##......     19%         3
 Confusing Touch          Hex            #.......     32%         3
 Gell's Gravitas          Tloc           #.........   32%         3
 Petrify                  Tmut/Erth      ##......     54%         4
 Yara's Violent Unravell  Hex/Tmut       ##........   88%         5
 Metabolic Englaciation   Hex/Ice        #.........   97%         5


Dungeon Overview and Level Annotations

Branches:
Dungeon (8/15)             Temple (0/1) D:6
   Lair: D:8-11

Altars:
Fedhas
Kikubaaqudgha
Makhleb
Qazlal
Ru
Sif Muna
Trog
Uskayaw
Vehumet
The Shining One

Annotations:
D:6 1 runed translucent door, Demosthentine's ghost, novice FoFi


Innate Abilities, Weirdness & Mutations

You cannot wear boots.
Your serpentine skin is tough. (AC +3)
You have supernaturally acute eyesight. (SInv)
Armour fits poorly on your strangely shaped body.
Your system is resistant to poisons. (rPois)
You cover ground very slowly.
You can spit poison.


Message History

Casting: Ignite Poison (dangerous; 9% risk of failure)
Confirm with . or Enter, or press ? or * to list all spells.
You begin to radiate toxic energy.
The ogre is poisoned.
Unknown command.
Your toxic aura wanes.
Your magical contamination has completely faded away.
Press: ? - help, Shift-Dir - straight line, f/p - ogre
Aim: an ogre, wielding a +0 giant club (severely wounded, poisoned)
The splash of poison hits the ogre!
The ogre looks even sicker.
You kill the ogre!
Sif Muna accepts your kill.
Unknown command.
Casting: Olgreb's Toxic Radiance (dangerous; 6% risk of failure)
Confirm with . or Enter, or press ? or * to list all spells.
You don't know that spell.
Evoke which item? (* to show all) (? for menu, Esc to quit)
Okay, then.
You have got your breath back.
The wight hits you with a cursed +2 morningstar of freezing!!
You die...

#.))..#.#.!....#.##
#()##.#..../.#.#..
#.###.(##...#........
#......##z#.#.#.##.#.##
##.###)...#.....y..y...
## #.##.#.#.##.###.##
#. #.##.......)[...y.
#.#z##.#.##.###.####
#..@##.#.##.###.####
#...................
#........##.........
#.........####.....<
#.........# #......
#.........# ##.....
##........# ##......
##......####..#####
#.....##


You could see a wight.

Vanquished Creatures
  A two-headed ogre (D:8)
  Pikel (D:7)
  The ghost of Demosthentine the Shield-Bearer, a novice FoFi (D:5)
  A hornet (D:7)
  Edmund (D:5)
  A water moccasin (D:6)
  2 orc warriors
  An ice beast (D:8)
  A sky beast (D:7)
  3 ogres
  2 centaurs (D:8)
  A lemure (D:7)
  3 big kobolds
  A bullfrog (D:7)
  A water moccasin zombie (D:5)
  A scorpion (D:7)
  9 killer bees (D:8)
  6 wights
  A howler monkey (D:6)
  A bullfrog zombie (D:5)
  A quasit (D:8)
  2 hounds
  2 orc priests
  Crazy Yiuf (D:2)
  2 centaur skeletons
  8 orc wizards
  Jessica (D:2)
  A bullfrog skeleton (D:6)
  Natasha (thrice) (D:2)
  6 worker ants
  A hound skeleton (D:6)
  2 worker ant zombies
  9 adders
  5 ufetubi
  4 adder skeletons
  A worm (D:2)
  2 dart slugs
  6 leopard geckos
  34 orcs
  2 ball pythons
  7 bats
  6 giant cockroaches
  8 goblins
  6 hobgoblins
  11 jackals
  5 quokkas
  6 frilled lizards
  34 kobolds
  11 rats
226 creatures vanquished.

Vanquished Creatures (others)
  2 fungi (D:2)
  63 plants (D:4)
  7 toadstools (D:7)
  2 withered plants (D:6)
74 creatures vanquished.

Grand Total: 300 creatures vanquished

Notes
Turn   | Place    | Note
-------+----------+-------------------------------------------
     0 | D:1      | robertstho the Naga Venom Mage began the quest for the Orb.
     0 | D:1      | Reached XP level 1. HP: 15/15 MP: 3/3
   198 | D:1      | Reached XP level 2. HP: 16/24 MP: 5/5
   312 | D:1      | Reached skill level 1 in Fighting
   318 | D:1      | HP: 1/25 [jackal (2)]
   644 | D:1      | Learned a level 2 spell: Poisonous Vapours
   964 | D:1      | Reached XP level 3. HP: 31/31 MP: 3/6
  1741 | D:2      | Found a runed translucent door.
  1742 | D:2      | Noticed Crazy Yiuf
  1794 | D:2      | Learned a level 3 spell: Ignite Poison
  2061 | D:2      | Reached XP level 4. HP: 39/39 MP: 0/7
  2302 | D:2      | Noticed Jessica
  2311 | D:2      | Killed Jessica
  2312 | D:2      | Reached skill level 4 in Stealth
  2661 | D:2      | Noticed Natasha
  2670 | D:2      | Killed Natasha
  2671 | D:2      | Reached XP level 5. HP: 40/45 MP: 5/9
  2960 | D:2      | Noticed Natasha
  2966 | D:2      | Killed Natasha
  3056 | D:2      | Killed Crazy Yiuf
  3110 | D:2      | Noticed Natasha
  3115 | D:2      | Killed Natasha
  3116 | D:2      | Reached skill level 1 in Air Magic
  3447 | D:3      | Reached skill level 5 in Stealth
  3447 | D:3      | Reached XP level 6. HP: 11/52 MP: 2/10
  3914 | D:3      | Noticed a +0 hand axe
  3914 | D:3      | Noticed a +0 hand axe
  3915 | D:3      | Found a hide-covered altar of Uskayaw.
  4717 | D:3      | Found a blossoming altar of Fedhas.
  4717 | D:3      | Found a bloodstained altar of Trog.
  4717 | D:3      | Found a glowing golden altar of the Shining One.
  4748 | D:3      | Found a radiant altar of Vehumet.
  4749 | D:3      | Found a stormy altar of Qazlal.
  4750 | D:3      | Found a shimmering blue altar of Sif Muna.
  4751 | D:3      | Found a sacrificial altar of Ru.
  4752 | D:3      | Found an ancient bone altar of Kikubaaqudgha.
  4756 | D:3      | Became a worshipper of Sif Muna the Loreminder
  5680 | D:4      | Learned a level 3 spell: Mephitic Cloud
  6066 | D:4      | Reached skill level 5 in Poison Magic
  6222 | D:4      | Reached XP level 7. HP: 59/61 MP: 7/12
  6225 | D:4      | Reached skill level 1 in Invocations
  6440 | D:5      | Entered Level 5 of the Dungeon
  6448 | D:4      | Learned a level 4 spell: Olgreb's Toxic Radiance
  6506 | D:5      | Reached * piety under Sif Muna
  6561 | D:5      | Found a runed translucent door.
  6566 | D:5      | Noticed Demosthentine's ghost (novice FoFi)
  6644 | D:5      | Reached skill level 6 in Stealth
  6671 | D:5      | HP: 3/61 [Demosthentine's ghost (6)]
  7127 | D:5      | Reached skill level 1 in Staves
  7292 | D:5      | Killed Demosthentine's ghost
  7293 | D:5      | Reached XP level 8. HP: 13/69 MP: 4/14
  7651 | D:5      | Noticed Edmund
  7672 | D:5      | Killed Edmund
  7673 | D:5      | Reached skill level 1 in Conjurations
  8662 | D:5      | Reached skill level 7 in Stealth
  8727 | D:5      | Found a burning altar of Makhleb.
  8742 | D:5      | Noticed an Executioner
  8745 | D:5      | Noticed a ynoxinul
  8745 | D:5      | Noticed an orange demon
  9243 | D:6      | Reached skill level 1 in Slings
  9247 | D:6      | Learned a level 2 spell: Blink
  9683 | D:6      | Found a staircase to the Ecumenical Temple.
  9922 | D:6      | Found a runed translucent door.
  9923 | D:6      | Noticed Demosthentine's ghost (novice FoFi)
 10034 | D:7      | Reached XP level 9. HP: 52/78 MP: 16/16
 10194 | D:7      | Reached skill level 8 in Stealth
 10219 | D:7      | Reached ** piety under Sif Muna
 10656 | D:7      | Reached skill level 5 in Spellcasting
 10656 | D:7      | HP: 3/78 [lemure[Pikel] (9)]
 10997 | D:7      | Noticed Pikel
 11012 | D:7      | Killed Pikel
 11128 | D:7      | Got a sparkling iron ring
 11205 | D:7      | Noticed a hornet
 11216 | D:7      | Killed a hornet
 11217 | D:7      | Reached skill level 9 in Stealth
 11743 | D:8      | Reached skill level 1 in Polearms
 11914 | D:8      | Reached skill level 1 in Fire Magic
 11914 | D:8      | Reached XP level 10. HP: 64/87 MP: 10/18
 12130 | D:8      | Noticed a two-headed ogre
 12133 | D:8      | Reached skill level 10 in Stealth
 12146 | D:8      | Killed a two-headed ogre
 12147 | D:8      | Reached skill level 5 in Fighting
 12147 | D:8      | Reached skill level 5 in Invocations
 12769 | D:8      | Mangled by a wight

Illustrated notes

Levels and vault maps discovered:
D:1:      doesnt_arrival_eight_statues, layout_loops_ring,
          hangedman_decor_diamond_cutter
D:2:      layout_loops_corners, uniq_jessica, uniq_natasha,
          uniq_crazy_yiuf_cottage
D:3:      layout_rooms, dancing_weapons_uskayaw, minitemple,
          kennysheep_generic_room_2
D:4:      kennysheep_kobold_camp, layout_layer_cave, st_stairs_2,
          wad_floor_pattern_untrapped
D:5:      layout_basic, makhleb_altar_promises_db, ebering_ghost_sewer_d,
          uniq_edmund
D:6:      layout_cave_pools, minmay_temple_entry_slanted, gammafunk_ghost_grave,
          nrook_pool_corridor
D:7:      cheibrodos_fertilizer, layout_gridville, uniq_pikel
D:8:      layout_cave_pods, minmay_diced_spiral

Skill      XL: |  1  2  3  4  5  6  7  8  9 10 |
---------------+-------------------------------+-----
Fighting       | 1 2 3 4 5 |  5.2
Stealth        | 4 5 6 7 9 10 | 10.6
Dodging        | 2 3 |  3.0
Spellcasting   | 3 4 5 6 |  6.4
Air Magic      | 1 2 |  2.1
Poison Magic   | 5 6 7 |  7.1
Invocations    | 2 3 4 5 |  5.3
Staves         | 2 |  2.4
Conjurations   | 1 |  1.8
Slings         | 2 3 |  3.3
Transmutations | 2 |  2.5
Polearms       | 1 |  1.5
Fire Magic     | 1 |  1.3
Short Blades   | |  0.9
Evocations     | |  0.2

Action                   |  1- 3 |  4- 6 |  7- 9 | 10-12 || total
-------------------------+-------+-------+-------+-------++-------
Melee: Unarmed           |     4 |       |       |       ||     4
       Dagger            |    32 |    42 |       |       ||    74
       Quarterstaff      |       |    51 |    42 |       ||    93
       Spear             |       |       |    30 |    40 ||    70
 Fire: Hunting sling     |       |       |   138 |       ||   138
 Cast: Sting             |    14 |    23 |    16 |     1 ||    54
       Poisonous Vapours |    25 |    50 |    12 |     3 ||    90
       Ignite Poison     |       |     2 |    20 |     7 ||    29
       Mephitic Cloud    |       |     1 |    36 |    10 ||    47
       Olgreb's Toxic Ra |       |       |    17 |     5 ||    22
Invok: Channel Magic     |       |       |     4 |     2 ||     6
 Abil: Spit Poison       |     6 |    15 |    19 |     5 ||    45
Evoke: Wand              |       |       |     2 |     4 ||     6
  Use: Potion            |       |     2 |     7 |       ||     9
       Scroll            |       |       |    13 |       ||    13
 Stab: Sleeping          |     1 |     1 |     1 |       ||     3
       Distracted        |       |       |     1 |       ||     1
       Confused          |       |       |       |     1 ||     1
Armor: Robe              |    12 |    28 |    74 |    12 ||   126
Dodge: Dodged            |    37 |    86 |   155 |    38 ||   316

Table legend: (Time is in decaauts)
 A = Elapsed time spent in this place.
 B = Non-inter-level travel time spent in this place.
 C = Inter-level travel time spent in this place.
 D = Time resting spent in this place.
 E = Time spent auto-exploring this place.
 F = Levels seen in this place.
 G = Mean time per level.
                   A        B        C        D        E       F      G
               +--------+--------+--------+--------+--------+-----+--------+
         Total |  15066 |  14412 |    654 |   2768 |   9604 |   8 | 1883.2 |
       Dungeon |  15066 |  14412 |    654 |   2768 |   9604 |   8 | 1883.2 |
               +--------+--------+--------+--------+--------+-----+--------+

Top non-repeatable levels by time:
     D:4: 2665 daAuts
     D:2: 2391 daAuts
     D:7: 1966 daAuts
     D:5: 1952 daAuts
     D:3: 1888 daAuts
     D:1: 1698 daAuts
     D:6: 1342 daAuts
     D:8: 1162 daAuts
